 Dungeon Crawl Stone Soup version 0.23.2-40-g277498a001 (webtiles) character file.

Game seed: 10976603980396015387

27 Destapler the Poker (level 2, -1/22 HPs)
             Began as a Demonspawn Wanderer on Sept 28, 2019.
             Was a Follower of Nemelex Xobeh.
             Slain by a centaur skeleton (4 damage)
             ... on level 2 of the Dungeon.
             The game lasted 00:03:55 (1233 turns).

Destapler the Poker (Demonspawn Wanderer)           Turns: 1233, Time: 00:03:58

Health: -1/22      AC:  2    Str: 10    XL:     2   Next: 93%
Magic:  2/2        EV:  9    Int: 15    God:    Nemelex Xobeh [*.....]
Gold:   55         SH:  7    Dex: 12    Spells: 1/1 levels left

rFire    + . .     SeeInvis .   a - +0 whip (flame)
rCold    . . .     Gourm    .   e - +0 shield
rNeg     . . .     Faith    .   d - +0 robe
rPois    .         Spirit   .   (no helmet)
rElec    .         Reflect  .   (no cloak)
rCorr    .         Harm     .   (no gloves)
MR       .....                  (no boots)
Stlth    ++........             (no amulet)
HPRegen  0.07/turn              (no ring)
MPRegen  0.08/turn              (no ring)

@: no status effects
A: fire resistance 1
a: Draw Escape, Draw Destruction, Draw Summoning, Renounce Religion


You were on level 2 of the Dungeon.
You worshipped Nemelex Xobeh.
Nemelex Xobeh was aware of your devotion.
You were not hungry.

You visited 1 branch of the dungeon, and saw 2 of its levels.

You collected 55 gold pieces.

Inventory:

Hand Weapons
 a - a +0 whip of flaming (weapon)
Missiles
 n - 47 stones (quivered)
Armour
 d - a +0 robe (worn)
 e - a +0 shield (worn)
Scrolls
 g - 3 scrolls of fear {unknown}
 i - a scroll of immolation {unknown}
 j - a scroll of enchant armour {unknown}
 k - a scroll of teleportation {unknown}
 m - a scroll of random uselessness {unknown}
 o - 2 scrolls of identify {unknown}
Potions
 b - a potion of cancellation {unknown}
 c - a potion of lignification
 h - 3 potions of curing {unknown}
 l - a potion of flight {unknown}
Comestibles
 f - 4 rations
 p - 3 chunks of flesh


   Skills:
 + Level 2.2 Fighting
 + Level 0.4 Maces & Flails
   Level 4.5 Polearms
 - Level 1.7 Dodging
 - Level 1.7 Stealth
 + Level 1.2 Shields
 * Level 0.0 Invocations


You had one spell level left.
You didn't know any spells.
Your spell library was empty.

Dungeon Overview and Level Annotations

Branches:
Dungeon (2/15)

Altars:
Nemelex Xobeh


Innate Abilities, Weirdness & Mutations

Your flesh is heat resistant. (rF+)


Message History

The centaur skeleton is moderately damaged.
The centaur skeleton barely misses you.
The kobold throws a stone.
The stone hits you.
The centaur skeleton closely misses you.
You hit the centaur skeleton. You burn the centaur skeleton.
The centaur skeleton is heavily damaged.
The kobold throws a stone.
The stone closely misses you.
You block the centaur skeleton's attack.
The kobold throws a stone.
The stone barely misses you.
You hit the centaur skeleton. You burn the centaur skeleton.
The centaur skeleton is heavily damaged.
The centaur skeleton hits you. The centaur skeleton barely misses you.
You are too injured to fight recklessly!
You hit the centaur skeleton. You burn the centaur skeleton.
The centaur skeleton is severely damaged.
The centaur skeleton hits you!
* * * LOW HITPOINT WARNING * * *
The centaur skeleton hits you.
You die...
Your body disappears without a glow.

. .## ..# #.# ### #.# ....
#.#### ### ##### # .....
#.##.###.#####...# #
......#KZ@#.#_#.#......###
.......(####.###.##.......
?.....##.# ### ###.#....##
.#### .# #.####... .# #.#
#... .. #.# .... .. #.#
#.## ... ... ### .#. ...


You could see a kobold and a centaur skeleton.

Vanquished Creatures
  2 ball pythons
  A giant cockroach (D:2)
  3 goblins (D:1)
  4 hobgoblins
  3 jackals (D:1)
  2 kobolds (D:1)
  4 bats (D:1)
  2 frilled lizards (D:1)
  3 rats (D:1)
24 creatures vanquished.

Vanquished Creatures (others)
  4 toadstools (D:2)
4 creatures vanquished.

Grand Total: 28 creatures vanquished

Notes
Turn   | Place    | Note
-------+----------+-------------------------------------------
     0 | D:1      | Destapler the Demonspawn Wanderer began the quest for the
                  | Orb.
     0 | D:1      | Destapler set off with the following items: a +0 dagger, a
                  | +0 quarterstaff, a potion of lignification, a +0 robe, a +0
                  | shield, a ration
     0 | D:1      | Reached XP level 1. HP: 13/13 MP: 1/1
    87 | D:1      | Reached skill level 1 in Fighting
   177 | D:1      | Gained mutation: Your flesh is heat resistant. (rF+)
                  | [demonic ancestry]
   177 | D:1      | Reached XP level 2. HP: 17/22 MP: 2/2
  1217 | D:2      | Found a faded altar of an unknown god.
  1219 | D:2      | Became a worshipper of Nemelex Xobeh the Trickster
  1219 | D:2      | Received a gift from Nemelex Xobeh
  1219 | D:2      | Reached * piety under Nemelex Xobeh
  1233 | D:2      | Slain by a centaur skeleton

Skill      XL: |  1  2 |
---------------+-------+-----
Fighting       | 1 2 |  2.2
Maces & Flails | |  0.4
Polearms       | |  4.5
Dodging        | |  1.7
Stealth        | |  1.7
Shields        | |  1.2

Action                   || total
-------------------------++-------
Melee: Dagger            ||    45
       Whip              ||    36
 Stab: Sleeping          ||     3
       Distracted        ||     1
  Eat: Chunk             ||     1
Armor: Robe              ||    15
Dodge: Dodged            ||    41
Block: Shield            ||    31
